 Dungeon Crawl Stone Soup version 0.18-a0-1484-g95ebbe1 (webtiles) character file.

594667 MenacingMecha the Slayer (level 27, -6/240 HPs)
             Began as a Hill Orc Fighter on Mar 1, 2016.
             Was the Champion of Makhleb.
             Killed from afar by a storm dragon (33 damage)
             ... with a bolt of lightning
             ... on level 1 of the Realm of Zot on Mar 3, 2016.
             The game lasted 10:08:38 (60807 turns).

MenacingMecha the Slayer (Hill Orc Fighter)        Turns: 60807, Time: 10:08:39

Health: -6/240     AC: 30    Str: 35    XL:     27
Magic:  33/37      EV: 15    Int: 12    God:    Makhleb [******]
Gold:   3279       SH: 17    Dex:  7    Spells: 5 memorised, 12 levels left

rFire  + + .     SeeInvis +     J - +9 demon trident (elec)
rCold  + + .     Gourm    .     p - +5 fire dragon armour
rNeg   . . .     Faith    .     u - +2 shield {AC+3}
rPois  +         Spirit   .     O - +0 mask of the Dragon {MR+ Slay+3 SInv}
rElec  .         Dismiss  .     N - +1 cloak {rPois}
rCorr  .         Reflect  .     k - +0 pair of gloves
SustAt +         Harm     .     U - +1 pair of boots {run}
MR     +++..                    R - amulet of regeneration
Stlth  ..........               C - ring "Daoni" {SustAt rC+++ MR- Str+6 Stlth-}
                                I - ring of protection from magic

@: very slightly contaminated, hasted and slowed, quick, extremely resistant to
hostile enchantments, extremely unstealthy
A: clumsy 1, frail 1, slow regeneration 1
a: Minor Destruction, Lesser Servant of Makhleb, Major Destruction, Greater
Servant of Makhleb, Renounce Religion
}: 4/15 runes: decaying, serpentine, silver, abyssal


You were on level 1 of the Realm of Zot.
You worshipped Makhleb.
Makhleb was exalted by your worship.
You were hungry.

You visited 10 branches of the dungeon, and saw 47 of its levels.
You visited the Abyss 3 times.
You visited 2 bazaars.
You also visited: Labyrinth.

You collected 6911 gold pieces.
You spent 3632 gold pieces at shops.

Inventory:

Hand Weapons
 H - the +10 trident of Havoc {freeze, rC+ rN+ MP+9}
   (You found it on level 5 of the Dungeon)

   It has been specially enchanted to freeze those struck by it, causing extra
   injury to most foes and up to half again as much damage against particularly
   susceptible opponents.
   It can also slow down cold-blooded creatures.
   It protects you from cold.
   It protects you from negative energy.
   It affects your magic capacity (+9).
 J - a +9 demon trident of electrocution (weapon)
Armour
 k - a +0 pair of gloves (worn)
 p - a +5 fire dragon armour (worn)
 u - a +2 shield of protection (worn)
 N - a +1 cloak of poison resistance (worn)
 O - the +0 mask of the Dragon (worn) {MR+ Slay+3 SInv}
   (You bought it in a shop on level 1 of the Vaults)

   It affects your accuracy and damage with ranged weapons and melee attacks
   (+3).
   It affects your resistance to hostile enchantments.
   It lets you see invisible.
 U - a +1 pair of boots of running (worn)
Jewellery
 d - an uncursed ring of protection from cold
 t - an uncursed ring of positive energy
 C - the ring "Daoni" (right hand) {SustAt rC+++ MR- Str+6 Stlth-}
   (You found it on level 2 of the Depths)

   [ring of sustain attributes]

   It sustains your strength, intelligence and dexterity.
   It affects your strength (+6).
   It renders you almost immune to cold.
   It affects your resistance to hostile enchantments.
   It makes you less stealthy.
 I - a ring of protection from magic (left hand)
 R - an amulet of regeneration (around neck)
 S - an uncursed ring of flight
 T - the amulet "Okiloxkoikh" {Gourm rElec rF- rC- Int+9}
   (You took it off an ogre mage on level 4 of the Vaults)

   [amulet of the gourmand]

   It allows you to eat raw meat even when not hungry.
   It affects your intelligence (+9).
   It makes you vulnerable to fire.
   It makes you vulnerable to cold.
   It insulates you from electricity.
Wands
 a - a wand of teleportation (2/9)
 g - a wand of digging (11/24)
Scrolls
 b - 3 scrolls of silence
 c - 3 scrolls of teleportation
 e - 18 scrolls of identify
 f - 6 scrolls of blinking
 j - 2 scrolls of fear
 l - 4 scrolls of holy word
 m - a scroll of enchant weapon
 q - 8 scrolls of immolation
 s - 4 scrolls of magic mapping
 w - 9 scrolls of fog
 x - 13 scrolls of remove curse
 D - 10 scrolls of recharging
 F - a scroll of summoning
Potions
 i - 6 potions of cancellation
 n - 2 potions of haste
 v - 2 potions of berserk rage
 z - 15 potions of curing
 B - a potion of heal wounds
 G - 3 potions of might
 Q - 3 potions of agility
 X - 2 potions of resistance
 Y - 5 potions of invisibility
Miscellaneous
 P - a legendary deck of changes {the Helm}
Comestibles
 h - 5 chunks of flesh
 o - 18 bread rations
 r - a slice of pizza


   Skills:
 - Level 25.6 Fighting
   Level 3.8(11.4) Axes
 - Level 13.9(14.0) Polearms
 - Level 20.0 Armour
 - Level 16.0 Dodging
 - Level 16.0 Shields
 + Level 17.1 Charms
 - Level 20.0 Invocations
 - Level 6.0 Evocations


You had 12 spell levels left.
You knew the following spells:

 Your Spells              Type           Power        Failure   Level  Hunger
a - Haste                 Chrm           #####...     10%         6    #######
b - Regeneration          Chrm/Necr      ###.......   6%          3    ####...
c - Song of Slaying       Chrm           #####...     1%          2    ###....
d - Apportation           Tloc           #.........   54%         1    ##.....
e - Blink                 Tloc           N/A          78%         2    ###....


Dungeon Overview and Level Annotations

Branches:
Dungeon (15/15)            Temple (1/1) D:5            Lair (8/8) D:10
  Swamp (4/4) Lair:4        Snake (4/4) Lair:4        Slime (0/6) Lair:8
    Orc (2/2) D:11            Elf (2/3) Orc:2        Vaults (5/5) D:13
  Crypt (0/3) Vaults:2     Depths (5/5) D:15            Zot (1/5) Depths:5

Altars:
Ashenzari
Cheibriados
Dithmenos
Elyvilon
Fedhas
Gozag
Kikubaaqudgha
Makhleb
Nemelex Xobeh
Okawaru
Pakellas
Qazlal
Ru
Sif Muna
Trog
Vehumet
Xom
Yredelemnul
Zin
Beogh

Shops:
Orc:1 (   Orc:2 *[*[   Elf:2 *   Snake:1 :   Vaults:1 *   Vaults:3 !:*=[
Vaults:4 }   Depths:5 *

Portals:
Hell: Depths:1 Depths:2 Depths:3 Depths:4 Depths:5
Abyss: Depths:2 Depths:4
Pandemonium: Depths:3 Depths:4
Ziggurat: Depths:2
Trove: Vaults:4 (give +3 fire dragon armour)

Annotations:
D:4 natasha??
D:14 2 runed doors
Lair:2 stash
Swamp:4 incomplete, Lernaean hydra, Mara
Elf:1 2 fire dragons and 2 ice dragons (both behind trans. STONE walls)
Elf:2 3 runed doors (hall of blades)
Depths:3 incomplete, flying req. (unread book + portal to hell too!))


Innate Abilities, Weirdness & Mutations

You are clumsy. (Dex -2)
You are frail (-10% HP).
You regenerate slowly when monsters are visible.


Message History

Unknown command.
You puncture the storm dragon!
The storm dragon is lightly wounded.
You block the storm dragon's attack. x3
You completely miss the storm dragon.
The storm dragon is lightly wounded.
You puncture the storm dragon!
The storm dragon is moderately wounded.
The storm dragon bites you but does no damage.
The storm dragon claws you but does no damage.
The storm dragon barely misses you.
You spit the storm dragon like a pig!!!
The storm dragon is heavily wounded.
You puncture the storm dragon!
The storm dragon is severely wounded.
The storm dragon breathes lightning at you.
The bolt of lightning hits you!
* * * LOW HITPOINT WARNING * * *
The bolt of lightning hits you!
You die...

.... .... #....# #.(..+
#.....# #.....#
#.....###.....#
#.............#
#...........####
###...†.....##..###
######.###.y...###...##.
.......@8##'''##........
.......%Dy..............
.....####.......##...###
#... ###.....##...# #..
############ ##


You could see a storm dragon and a moth of wrath.

Vanquished Creatures
  An ancient lich (Abyss:2)
  2 juggernauts
  Frederick (Depths:4)
  Saint Roka (Vaults:1)
  6 golden dragons
  the Enchantress (Depths:1)
  A bone dragon (Abyss:2)
  Nikola (Swamp:1)
  7 liches
  12 tentacled monstrosities
  4 titans
  A quicksilver dragon (Vaults:4)
  2 Executioners (Abyss:3)
  2 thorn hunters
  An ancient champion (Depths:4)
  Gastronok (Lair:2)
  3 storm dragons
  2 death cobs (Zot:1)
  Agnes (Depths:4)
  5 sphinxes
  10 tentacled starspawn
  6 tengu reavers
  5 shadow dragons
  5 draconian monks (Depths:5)
  6 deep elf sorcerers
  Donald (Vaults:2)
  A draconian scorcher (Zot:1)
  A draconian knight (Depths:5)
  14 fire giants
  5 greater nagas
  Maud (D:10)
  A cacodemon (Depths:4)
  A balrug (Depths:3)
  8 frost giants
  Louise (Elf:1)
  2 iron dragons
  A ghoul (Vaults:4)
  11 vault wardens
  6 spriggan defenders
  A caustic shrike skeleton (Depths:2)
  15 very ugly things
  13 ironheart preservers
  A deep elf elementalist (Depths:2)
  2 draconian annihilators (Depths:5)
  18 stone giants
  A deep elf demonologist (Vaults:5)
  4 salamander stormcallers
  2 green draconians (Depths:5)
  2 lorocyprocas
  3 vampire knights
  9 white draconians
  Nessos (Orc:2)
  2 purple draconians (Depths:5)
  6 spark wasps
  4 black draconians (Depths:5)
  Azrael (D:15)
  6 red draconians
  A dire elephant (D:15)
  4 deep elf annihilators
  A mottled draconian (Zot:1)
  Snorg (D:10)
  A blizzard demon (Abyss:2)
  An eidolon (Abyss:2)
  A minotaur (Lab)
  9 ettins
  5 deep elf death magi
  15 fire dragons
  25 vault guards (Vaults:4)
  3 jiangshi (Depths:5)
  A green death (Abyss:2)
  9 great orbs of eyes
  A merfolk impaler (Depths:3)
  4 entropy weavers
  2 deep elf high priests
  18 yaktaur captains
  Harold (D:11)
  5 rakshasas
  10 naga warriors
  15 hydras
  14 ice dragons
  A catoblepas (Lair:8)
  A monstrous demonspawn (Depths:4)
  A ghost crab (shapeshifter) (Depths:2)
  5 spriggan air magi
  3 death knights
  17 ogre magi
  13 anacondas
  A queen ant (shapeshifter) (Vaults:4)
  12 centaur warriors
  13 dancing weapons
  2 death yaks (Lair:8)
  A death yak (shapeshifter) (Vaults:2)
  16 deep troll shamans
  3 alligators
  9 tengu warriors
  4 vampire magi
  19 thrashing horrors
  An orc high priest (Elf:1)
  8 shock serpents
  14 deep troll earth magi
  8 hell hogs
  3 spriggan berserkers
  8 naga sharpshooters
  A soul eater (Abyss:2)
  A sun demon (Abyss:2)
  Sonja (D:10)
  6 deep elf knights
  7 hell knights
  A fire crab (Lair:8)
  9 wretched stars
  3 skeletal warriors (D:12)
  9 iron trolls
  2 spatial maelstroms (Abyss:2)
  A storm dragon skeleton (Abyss:2)
  2 wizards (Depths:2)
  3 death drakes (Depths:5)
  35 large abominations
  10 giant orange brains
  3 unseen horrors
  4 unseen horrors (shapeshifter)
  3 salamander mystics
  7 sea snakes (Snake:4)
  2 flayed ghosts
  Pikel (D:4)
  15 deep elf archers
  3 swamp dragons
  33 deep trolls
  5 hill giants
  76 starcursed masses
  A sea snake (shapeshifter) (Vaults:4)
  11 orc knights
  2 shambling mangroves
  4 harpies (Vaults:2)
  A harpy (shapeshifter) (Depths:2)
  A tengu zombie (Depths:2)
  7 naga ritualists
  9 ironbrand convokers
  5 phantasmal warriors
  8 mana vipers
  An anubis guard (shapeshifter) (Elf:1)
  An orb spider (Abyss:3)
  3 necromancers
  2 wolf spider zombies
  41 deep elf magi
  10 salamanders
  5 wolf spiders
  4 hornets
  40 ugly things
  4 griffons
  7 orc sorcerers
  5 worldbinders
  5 cyclopes
  3 sixfirhies
  2 cyclopes (shapeshifter) (Vaults:1)
  A salamander (shapeshifter) (Vaults:2)
  An iron dragon skeleton (Depths:2)
  2 moths of wrath (Zot:1)
  2 centaur zombies
  11 naga magi
  15 elephants
  34 black mambas
  An apocalypse crab (Abyss:2)
  6 smoke demons
  4 gargoyles
  11 guardian serpents
  19 eyes of devastation (Depths:4)
  28 spiny frogs
  A titan simulacrum (Abyss:3)
  6 centaur skeletons
  11 vault sentinels
  An orange demon (Abyss:2)
  6 kobold demonologists
  A rime drake (Lair:6)
  7 freezing wraiths
  A tormentor (Abyss:2)
  8 ancient zymes
  4 efreet
  67 yaktaurs
  A demonic crawler (Abyss:3)
  2 red devils
  8 komodo dragons
  3 tengu conjurers
  An ice devil (Depths:4)
  A jumping spider (Depths:2)
  A hellwing (Abyss:3)
  3 giant leeches
  10 trolls
  A troll (shapeshifter) (Depths:2)
  20 two-headed ogres
  A giant leech (shapeshifter) (Depths:2)
  27 raiju
  23 blink frogs
  4 bog bodies
  An iron dragon simulacrum (Depths:2)
  A hydra skeleton (Abyss:3)
  5 boulder beetles
  35 slime creatures
  An ice dragon zombie (Abyss:3)
  7 air elementals
  5 spriggans
  3 ynoxinuls
  Sigmund (D:3)
  3 shadows
  22 small abominations
  8 redbacks
  A redback (shapeshifter) (Vaults:4)
  3 wyverns
  2 spriggans (shapeshifter)
  A hog (shapeshifter) (Abyss:3)
  5 water elementals
  47 yaks
  An elf simulacrum (Depths:2)
  4 wraiths
  10 fire bats
  2 basilisks
  2 chaos spawn (Abyss:3)
  2 golden eyes (Depths:4)
  A golden eye (shapeshifter) (Vaults:2)
  4 fire elementals
  21 vampire mosquitoes
  13 hippogriffs
  7 neqoxecs
  5 spatial vortices
  A steam dragon (D:14)
  7 wargs
  2 mottled dragons
  A warg (shapeshifter) (Depths:2)
  9 insubstantial wisps
  A soldier ant (shapeshifter) (Depths:1)
  22 wolves
  53 nagas
  2 soldier ants
  18 swamp worms
  16 hell hounds
  6 porcupines
  Duvessa (D:4)
  35 orc warriors
  15 water moccasins
  A hell hound (shapeshifter) (Vaults:5)
  3 slaves (D:4)
  4 eyes of draining
  5 sky beasts
  11 swamp drakes
  An eye of draining (shapeshifter) (Depths:1)
  3 black bears
  3 ice beasts
  4 wasps
  2 phantoms
  6 boggarts
  A centaur (shapeshifter) (Elf:1)
  67 ogres
  A boggart (shapeshifter) (Vaults:1)
  A necrophage (D:12)
  30 centaurs
  14 crocodiles
  3 earth elementals
  16 big kobolds
  24 giant frogs
  A wyvern zombie (D:14)
  Dowan (D:4)
  5 scorpions
  9 wights
  13 killer bees
  3 electric eels
  9 crimson imps
  5 howler monkeys
  A giant frog zombie (D:12)
  3 hounds
  5 quasits
  14 orc priests
  A wasp zombie (D:9)
  3 gnoll shamans (D:12)
  Crazy Yiuf (D:6)
  9 jellies
  4 giant frog skeletons
  Natasha (twice) (D:4)
  9 iguanas
  37 orc wizards
  9 worker ants
  A lightning spire (Abyss:3)
  A hound zombie (D:8)
  A hound skeleton (D:8)
  A worker ant zombie (D:11)
  9 gnolls (D:12)
  2 howler monkey skeletons
  15 adders
  35 river rats
  4 shadow imps
  2 white imps
  5 ufetubi
  An adder zombie (D:9)
  3 adder skeletons (D:5)
  2 worms (D:2)
  2 dart slugs (D:1)
  6 giant geckos
  117 orcs
  12 bats
  3 giant cockroaches
  6 goblins
  11 hobgoblins
  9 jackals
  58 kobolds
  5 quokkas
  3 ball pythons
  A giant gecko skeleton (D:8)
  A giant gecko zombie (D:8)
  6 giant newts
  A quokka skeleton (D:7)
  9 rats
  A briar patch (Swamp:3)
  A butterfly (Lair:4)
  A crawling corpse (Vaults:4)
  2 fungi
  3 plants (D:10)
  3 starspawn tentacles (Abyss:3)
2420 creatures vanquished.

Vanquished Creatures (collateral kills)
  2 profane servitors (Abyss:3)
  A golden dragon (Depths:2)
  A hellephant (Abyss:3)
  A lich (Vaults:5)
  The ghost of Arkorax the Warrior, an adept DsGl of Gozag (Vaults:2)
  Asterion (Elf:1)
  Frances (Swamp:2)
  2 tentacled starspawn (Abyss:3)
  A shadow dragon (Depths:5)
  Wiglaf (Depths:4)
  A deep elf sorcerer (Vaults:2)
  A deep elf elementalist (Vaults:5)
  Aizul (Swamp:3)
  An ironheart preserver (Vaults:2)
  A stone giant (Vaults:2)
  A salamander stormcaller (Vaults:5)
  2 very ugly things
  2 deep elf demonologists (Elf:1)
  A black draconian (Depths:5)
  A spark wasp (Depths:2)
  A white draconian (Depths:5)
  An ettin (Depths:2)
  2 fire dragons
  A naga warrior (Snake:2)
  An anaconda (Snake:2)
  A centaur warrior (Vaults:1)
  A dancing weapon (Elf:1)
  A tengu warrior (Depths:5)
  2 death yaks (Lair:8)
  3 thrashing horrors (Abyss:3)
  2 deep elf knights (Elf:1)
  2 wretched stars (Abyss:3)
  An iron troll (Depths:4)
  9 large abominations
  A death drake (Depths:5)
  A shambling mangrove (Swamp:3)
  3 naga ritualists
  3 deep elf magi
  A frost giant zombie (Abyss:3)
  4 mana vipers
  An orc sorcerer (Orc:2)
  2 hornets (Swamp:3)
  2 naga magi
  4 black mambas
  A vault sentinel (Vaults:2)
  5 smoke demons (Abyss:3)
  A spiny frog (Swamp:3)
  An orange demon (Abyss:3)
  2 yaktaurs
  A tormentor (Abyss:3)
  3 tengu conjurers
  An ancient zyme (Abyss:3)
  A troll (Vaults:1)
  3 raiju (Abyss:3)
  A bog body (Swamp:3)
  7 slime creatures
  2 blink frogs (Abyss:3)
  A wind drake (Depths:5)
  An air elemental (Elf:1)
  2 ynoxinuls (Abyss:3)
  An alligator skeleton (Abyss:3)
  A spriggan (Depths:1)
  2 fire bats (Depths:3)
  A neqoxec (Abyss:3)
  2 chaos spawn (Abyss:3)
  A warg (Orc:2)
  A vampire mosquito (Swamp:3)
  4 nagas
  An insubstantial wisp (Abyss:3)
  A spatial vortex (Abyss:3)
  2 swamp drakes
  3 orc warriors
  A centaur (D:9)
  5 small abominations
  A killer bee (D:9)
  2 wights (D:9)
  A quasit (Abyss:3)
  A crimson imp (Depths:3)
  8 starcursed masses
  An iron imp (Abyss:3)
  8 orc wizards (Orc:2)
  2 ufetubi (Abyss:3)
  16 orcs
  4 starspawn tentacles (Abyss:3)
177 creatures vanquished.

Vanquished Creatures (others)
  A lich (Abyss:2)
  An eldritch tentacle (Vaults:5)
  A rakshasa (Depths:2)
  A deep elf knight (Elf:1)
  A lindwurm (Depths:5)
  A raiju (Abyss:2)
  A redback (Depths:2)
  A large abomination (Abyss:3)
  3 starcursed masses (Abyss:3)
  2 small abominations (Abyss:3)
  An electric eel (Elf:1)
  Natasha (D:4)
  An orc (Orc:2)
  72 eldritch tentacle segments (Vaults:5)
  10 fungi
  10 plants
  24 starspawn tentacles
  193 starspawn tentacle segments (Abyss:3)
325 creatures vanquished.

Grand Total: 2922 creatures vanquished

Notes
Turn   | Place    | Note
--------------------------------------------------------------
     0 | D:1      | MenacingMecha the Hill Orc Fighter began the quest for the Orb.
     0 | D:1      | Reached XP level 1. HP: 19/19 MP: 1/1
    25 | D:1      | Reached XP level 2. HP: 26/26 MP: 2/2
   299 | D:1      | Reached skill level 1 in Polearms
   596 | D:2      | Reached XP level 3. HP: 31/31 MP: 3/3
   647 | D:2      | Found a sacrificial altar of Ru.
  1277 | D:3      | Reached XP level 4. HP: 39/39 MP: 4/4
  1518 | D:3      | Noticed Sigmund
  1779 | D:4      | Reached XP level 5. HP: 8/45 MP: 5/5
  2010 | D:4      | Reached skill level 5 in Polearms
  2064 | D:4      | Noticed Dowan
  2068 | D:4      | Noticed Duvessa
  2093 | D:4      | Killed Duvessa
  2093 | D:4      | Reached XP level 6. HP: 35/51 MP: 6/6
  2104 | D:4      | Killed Dowan
  2192 | D:4      | Found a basalt altar of Yredelemnul.
  2227 | D:4      | Noticed Pikel
  2227 | D:4      | Noticed a slave
  2228 | D:4      | Noticed a slave
  2228 | D:4      | Noticed a slave
  2228 | D:4      | Noticed a slave
  2242 | D:4      | Killed a slave
  2284 | D:4      | Killed a slave
  2286 | D:4      | Killed a slave
  2289 | D:4      | Killed Pikel
  2289 | D:4      | Reached XP level 7. HP: 32/57 MP: 7/7
  2289 | D:4      | Reached XP level 8. HP: 35/64 MP: 8/8
  2734 | D:4      | Noticed Natasha
  2746 | D:4      | Killed Natasha
  3123 | D:4      | Noticed Natasha
  3137 | D:4      | Killed Natasha
  3198 | D:4      | Killed Natasha
  3620 | D:5      | Entered Level 5 of the Dungeon
  3622 | D:5      | Reached skill level 10 in Polearms
  3623 | D:5      | Found a shadowy altar of Dithmenos.
  3737 | D:5      | Got a polished trident
  3738 | D:5      | Identified the +10 trident of Havoc {freeze, rC+ rN+ MP+9} (You found it on level 5 of the Dungeon)
  3751 | D:5      | Found a glowing silver altar of Zin.
  3785 | D:5      | Found an ancient bone altar of Kikubaaqudgha.
  3789 | D:5      | Found a deep blue altar of Sif Muna.
  3795 | D:5      | Found a radiant altar of Vehumet.
  3804 | D:5      | Identified Vehumet's Guide on Attacks
  3866 | D:5      | Found a staircase to the Ecumenical Temple.
  3875 | Temple   | Entered the Ecumenical Temple
  3904 | Temple   | Became a worshipper of Makhleb the Destroyer
  4393 | D:6      | Reached XP level 9. HP: 70/70 MP: 9/9
  4600 | D:6      | Reached * piety under Makhleb
  4711 | D:6      | Noticed Crazy Yiuf
  4715 | D:6      | Killed Crazy Yiuf
  4829 | D:6      | Found a shadowy altar of Dithmenos.
  4829 | D:6      | Found an opulent altar of Gozag.
  4855 | D:7      | Found a sparkling altar of Nemelex Xobeh.
  5254 | D:7      | Found an oddly glowing altar of Pakellas.
  5709 | D:8      | Reached ** piety under Makhleb
  5772 | D:8      | Noticed a two-headed ogre
  5781 | D:8      | Killed a two-headed ogre
  5790 | D:8      | Found a shattered altar of Ashenzari.
  5857 | D:8      | Reached skill level 4 in Fighting
  5857 | D:8      | Reached XP level 10. HP: 71/78 MP: 10/10
  5928 | D:8      | Found an iron altar of Okawaru.
  5939 | D:8      | Reached skill level 1 in Dodging
  6138 | D:8      | Found a white marble altar of Elyvilon.
  6230 | D:8      | Reached *** piety under Makhleb
  6274 | D:8      | Reached skill level 5 in Fighting
  6406 | D:8      | Found a blossoming altar of Fedhas.
  6407 | D:8      | Found a stormy altar of Qazlal.
  6531 | D:8      | Reached skill level 1 in Invocations
  6773 | D:9      | Reached skill level 5 in Invocations
  6791 | D:9      | Reached **** piety under Makhleb
  7281 | D:10     | Entered Level 10 of the Dungeon
  7308 | D:10     | Noticed a hill giant
  7311 | D:10     | Killed a hill giant
  7311 | D:10     | Reached skill level 6 in Fighting
  7397 | D:10     | Found a staircase to the Lair.
  7480 | D:10     | Noticed Snorg
  7489 | D:10     | Killed Snorg
  7489 | D:10     | Reached skill level 7 in Fighting
  7489 | D:10     | Reached XP level 11. HP: 69/92 MP: 17/17
  7561 | D:10     | Noticed a hill giant
  7565 | D:10     | Killed a hill giant
  7565 | D:10     | Reached skill level 8 in Fighting
  7678 | D:10     | Noticed Sonja
  7933 | D:10     | Killed an unseen horror
  8007 | D:10     | Found a blossoming altar of Fedhas.
  8259 | Lair:1   | Entered Level 1 of the Lair of Beasts
  8437 | Lair:1   | Reached skill level 9 in Fighting
  8441 | Lair:1   | Reached skill level 10 in Invocations
  8862 | Lair:2   | Found a labyrinth entrance.
  8879 | Lair:2   | Noticed Gastronok
  8905 | Lair:2   | Killed Gastronok
  8905 | Lair:2   | Reached skill level 5 in Armour
  8905 | Lair:2   | Reached skill level 5 in Shields
  8927 | Lair:2   | Reached ***** piety under Makhleb
  9055 | Lab      | Entered a labyrinth
  9721 | Lab      | Noticed a minotaur
  9729 | Lab      | Killed a minotaur
  9729 | Lab      | Reached skill level 10 in Fighting
  9731 | Lab      | Got an ancient turquoise ring
  9739 | Lab      | Got a bronze scale mail
  9739 | Lab      | Got a shimmering helmet
  9745 | Lab      | Identified the ring of Gofieka {rPois Dex+2} (You took it off a minotaur in a labyrinth)
  9756 | Lab      | Identified the +0 helmet of the Soldier {rElec MP+9 Dex+3 SInv} (You found it in a labyrinth)
  9756 | Lab      | Identified the +5 scale mail "Ufuep" {*Drain rN++} (You found it in a labyrinth)
  9876 | Lair:2   | Reached XP level 12. HP: 106/106 MP: 19/19
  9967 | Lair:2   | Noticed a five-headed hydra
  9974 | Lair:2   | Killed a five-headed hydra
 10980 | Lair:3   | Reached skill level 11 in Fighting
 11189 | Lair:3   | Reached skill level 5 in Dodging
 11971 | Lair:4   | Reached XP level 13. HP: 116/116 MP: 20/20
 12052 | Lair:4   | Found a staircase to the Swamp.
 12331 | Lair:4   | Found a staircase to the Snake Pit.
 13019 | Lair:5   | Got an ancient buckler
 13030 | Lair:5   | Identified the cursed +0 buckler of Existentialism {Str+4 Int+3 Dex+6} (You found it on level 5 of the Lair of Beasts)
 13586 | Lair:2   | Identified a scroll of acquirement
 13587 | Lair:2   | Got a distressingly furry buckler
 13598 | Lair:2   | Identified the +2 buckler "Qesad" {rPois Str+5} (You acquired it on level 2 of the Lair of Beasts)
 13848 | D:3      | Killed Sigmund
 14003 | D:11     | Noticed Maud
 14020 | D:10     | Killed Maud
 14036 | D:10     | Killed Sonja
 14490 | D:11     | Found a burning altar of Makhleb.
 14599 | D:11     | Noticed Harold
 14603 | D:11     | Reached ****** piety under Makhleb
 14624 | D:11     | Killed Harold
 14624 | D:11     | Reached skill level 15 in Invocations
 14658 | D:11     | Found a roughly hewn altar of Beogh.
 14658 | D:11     | Found a staircase to the Orcish Mines.
 14970 | Orc:1    | Entered Level 1 of the Orcish Mines
 15157 | Orc:2    | Entered Level 2 of the Orcish Mines
 15170 | Orc:2    | Found a staircase to the Elven Halls.
 15378 | Orc:2    | Reached XP level 14. HP: 123/125 MP: 25/25
 15431 | Orc:2    | Found Ysaxafuq's General Store.
 15431 | Orc:2    | Found Yquts's Armour Shoppe.
 15458 | Orc:2    | Bought a +2 fire dragon armour for 1152 gold pieces
 15480 | Orc:2    | Found a roughly hewn altar of Beogh.
 15522 | Orc:2    | Found Xustac's Assorted Antiques.
 15522 | Orc:2    | Found Cunla's Armour Shoppe.
 15526 | Orc:2    | Reached skill level 12 in Fighting
 15646 | Orc:2    | Noticed Nessos
 15651 | Orc:2    | Killed Nessos
 16249 | Orc:1    | Found Sopt's Weapon Shop.
 18095 | Lair:8   | Entered Level 8 of the Lair of Beasts
 18116 | Lair:8   | Reached skill level 10 in Armour
 18135 | Lair:8   | Reached skill level 10 in Shields
 18308 | Lair:8   | Reached skill level 13 in Fighting
 18667 | Lair:8   | Reached XP level 15. HP: 134/136 MP: 26/26
 18704 | Lair:8   | Found a staircase to the Slime Pits.
 19414 | Lair:2   | Gained mutation: You possess an exceptional clarity of mind. [potion of beneficial mutation]
 20330 | D:12     | Found a gateway to a bazaar.
 20339 | Bazaar   | Entered a bazaar
 20357 | Bazaar   | Found Tabigh's Gadget Shoppe.
 20379 | Bazaar   | Found Xeteucod's Antique Weapon Shoppe.
 20379 | Bazaar   | Found Tenicwe's Antique Weapon Emporium.
 20400 | Bazaar   | Found Waadwam's Weapon Shoppe.
 20400 | Bazaar   | Found Eple's Book Emporium.
 20652 | D:12     | Found a sacrificial altar of Ru.
 21103 | D:13     | Found a gate to the Vaults.
 21176 | D:13     | Reached skill level 14 in Fighting
 21770 | D:14     | Found a flickering gateway to a bazaar.
 21787 | Bazaar   | Entered a bazaar
 21787 | Bazaar   | Found Cacom's Gadget Boutique.
 21787 | Bazaar   | Found Tiatoj's Food Shop.
 21787 | Bazaar   | Found Gem Simes's General Store.
 21789 | Bazaar   | Found Lobb's Weapon Emporium.
 21789 | Bazaar   | Found Haduxiah's Assorted Antiques.
 21830 | Bazaar   | Bought a scroll of teleportation for 45 gold pieces
 21917 | D:14     | Found a large runed door.
 22260 | Swamp:1  | Entered Level 1 of the Swamp
 22326 | Swamp:1  | Noticed Nikola
 22338 | Swamp:1  | Killed Nikola
 22993 | Swamp:1  | Reached XP level 16. HP: 146/146 MP: 27/27
 23048 | Swamp:2  | Noticed Frances
 23058 | Swamp:2  | Killed Frances
 23557 | Swamp:2  | Reached skill level 15 in Shields
 23779 | Swamp:3  | Noticed a thorn hunter
 23802 | Swamp:3  | Killed a thorn hunter
 23920 | Swamp:3  | Noticed Aizul
 23944 | Swamp:3  | Killed Aizul
 24756 | Snake:1  | Entered Level 1 of the Snake Pit
 25269 | Snake:1  | Found Cyceros's Book Boutique.
 25454 | Snake:1  | Reached skill level 15 in Fighting
 26013 | Snake:2  | Reached XP level 17. HP: 156/156 MP: 28/28
 27859 | Lair:2   | Upgraded the game from 0.18-a0-1454-g5e6cd1e to 0.18-a0-1471-gbbaf034
 27964 | Swamp:4  | Entered Level 4 of the Swamp
 27991 | Swamp:3  | Reached skill level 16 in Fighting
 28057 | Swamp:4  | Reached skill level 1 in Evocations
 28756 | Swamp:4  | Noticed Mara
 28769 | Swamp:4  | Got a decaying rune of Zot
 28782 | Swamp:4  | Noticed the 27-headed Lernaean hydra
 29011 | Elf:1    | Entered Level 1 of the Elven Halls
 29189 | Elf:1    | Noticed Asterion
 29201 | Elf:1    | Killed Asterion
 29321 | Elf:1    | Reached skill level 5 in Evocations
 29532 | Elf:1    | Reached skill level 17 in Fighting
 29679 | Elf:1    | Noticed Louise
 29704 | Elf:1    | Killed Louise
 29719 | Elf:1    | Reached XP level 18. HP: 170/170 MP: 30/30
 30303 | Elf:2    | Found Erofry's Eclectic Emporium.
 30706 | Elf:2    | Found a runed gate.
 30706 | Elf:2    | Found a runed gate.
 30707 | Elf:2    | Found a runed gate.
 31267 | D:14     | Found a large runed door.
 31475 | D:14     | Reached skill level 18 in Fighting
 31588 | D:15     | Entered Level 15 of the Dungeon
 31653 | D:15     | Noticed Azrael
 31683 | D:15     | Killed Azrael
 31909 | D:15     | Found a bloodstained altar of Trog.
 31998 | D:15     | Found a bloodstained altar of Trog.
 32003 | D:15     | Found an opulent altar of Gozag.
 32270 | D:15     | Found a staircase to the Depths.
 32694 | Snake:4  | Entered Level 4 of the Snake Pit
 32815 | Snake:4  | Got a transparent copper ring
 32857 | Snake:4  | Identified the cursed ring "Teosajoc" {rF- rN++ AC-2 Int+5} (You found it on level 4 of the Snake Pit)
 33310 | Snake:4  | Reached skill level 19 in Fighting
 33658 | Snake:4  | Reached XP level 19. HP: 163/182 MP: 32/32
 33906 | Snake:4  | Got a serpentine rune of Zot
 34572 | Vaults:1 | Entered Level 1 of the Vaults
 34598 | Vaults:1 | Found an ancient bone altar of Kikubaaqudgha.
 35247 | Vaults:1 | Reached skill level 10 in Dodging
 35418 | Vaults:1 | Found Ocis's Assorted Antiques.
 35423 | Vaults:1 | Bought the +0 mask of the Dragon {MR+ Slay+3 SInv} for 1035 gold pieces
 35599 | Vaults:1 | Noticed Saint Roka
 35637 | Vaults:1 | Killed Saint Roka
 36065 | Vaults:2 | Noticed Donald
 36069 | Vaults:2 | Killed Donald
 36085 | Vaults:2 | Cast into level 2 of the Abyss (a deep elf sorcerer)
 36186 | Abyss:2  | Noticed a Hell Sentinel
 36200 | Abyss:2  | Noticed a Hell Sentinel
 36316 | Abyss:2  | Noticed a bone dragon
 36663 | Abyss:2  | Reached skill level 20 in Fighting
 36699 | Abyss:2  | Paralysed by accursed screaming for 1 turns
 36735 | Abyss:3  | Found a corrupted altar of Lugonu.
 37079 | Abyss:3  | Reached XP level 20. HP: 122/193 MP: 34/34
 37110 | Abyss:3  | Paralysed by accursed screaming for 1 turns
 37117 | Abyss:3  | Paralysed by accursed screaming for 2 turns
 37612 | Abyss:3  | Gained mutation: You regenerate slowly when monsters are visible. [a neqoxec]
 37870 | Abyss:3  | Noticed a profane servitor
 37883 | Abyss:3  | Killed a profane servitor
 37932 | Abyss:3  | Noticed a hellephant
 37943 | Abyss:3  | Killed a hellephant
 38102 | Abyss:3  | Paralysed by accursed screaming for 2 turns
 38115 | Abyss:3  | Paralysed by accursed screaming for 1 turns
 38223 | Abyss:3  | Noticed a profane servitor
 38238 | Abyss:3  | Killed a profane servitor
 38245 | Abyss:3  | Reached skill level 21 in Fighting
 38432 | Abyss:3  | Reached XP level 21. HP: 204/204 MP: 28/28
 38517 | Abyss:3  | Got an abyssal rune of Zot
 38584 | Abyss:3  | Gained mutation: Your body sometimes deteriorates upon taking damage. [a neqoxec]
 38667 | Abyss:3  | Reached skill level 15 in Armour
 38838 | Vaults:2 | Escaped the Abyss
 38854 | Vaults:2 | Noticed Arkorax's ghost (adept DsGl)
 38870 | Vaults:2 | Killed Arkorax's ghost
 39288 | Vaults:2 | Found a staircase to the Crypt.
 39288 | Vaults:2 | Found a basalt altar of Yredelemnul.
 39289 | Vaults:2 | Found an ancient bone altar of Kikubaaqudgha.
 40076 | Lair:2   | Drew Focus: Str increased to 28, Dex decreased to 9
 40081 | Lair:2   | Lost mutation: You regenerate slowly when monsters are visible. [potion of cure mutation]
 40081 | Lair:2   | Lost mutation: Your body sometimes deteriorates upon taking damage. [potion of cure mutation]
 40081 | Lair:2   | Lost mutation: You possess an exceptional clarity of mind. [potion of cure mutation]
 40231 | Elf:2    | Bought a book of Enchantments for 800 gold pieces
 40238 | Elf:2    | Learned a level 6 spell: Haste
 40456 | Snake:1  | Bought a book of Battle for 600 gold pieces
 40473 | Snake:1  | Learned a level 3 spell: Regeneration
 40476 | Snake:1  | Learned a level 2 spell: Song of Slaying
 40807 | Vaults:3 | Reached skill level 1 in Charms
 40976 | Vaults:3 | Found Desibb's Distillery.
 41147 | Vaults:3 | Found Rasmon's Antique Armour Shoppe.
 41192 | Vaults:3 | Found Hireyd Jeutz's Book Emporium.
 41203 | Vaults:3 | Found Ucykan's Jewellery Emporium.
 41835 | Vaults:3 | Reached skill level 5 in Charms
 41872 | Vaults:3 | Found Ufug's General Store.
 42421 | Vaults:4 | Found Rosaun's Gadget Shop.
 42494 | Vaults:4 | Found a portal to a secret trove of treasure.
 42842 | Vaults:4 | Reached XP level 22. HP: 213/213 MP: 36/36
 43890 | Depths:1 | Entered Level 1 of the Depths
 43966 | Depths:1 | Reached skill level 10 in Charms
 44215 | Depths:1 | Found a gateway to Hell.
 44251 | Depths:1 | Noticed the Enchantress
 44283 | Depths:1 | Killed the Enchantress
 44537 | Depths:1 | Got a faerie dragon armour
 45221 | Depths:1 | Identified the +2 faerie dragon armour {rPois} (You took it off the Enchantress on level 1 of the Depths)
 45682 | Depths:2 | Found an ancient bone altar of Kikubaaqudgha.
 45683 | Depths:2 | Found an opulent altar of Gozag.
 45683 | Depths:2 | Found a glowing silver altar of Zin.
 45918 | Depths:2 | Noticed a golden dragon
 45937 | Depths:2 | Killed a golden dragon
 46509 | Depths:2 | Reached XP level 23. HP: 211/221 MP: 37/37
 47435 | Depths:2 | Found a gateway to a ziggurat.
 47436 | Depths:2 | Found a one-way gate to the infinite horrors of the Abyss.
 47796 | Depths:2 | Reached skill level 15 in Charms
 47947 | Depths:2 | HP: 4/221 [spriggan air mage (illusionary)/the air (14)]
 48245 | Depths:3 | Noticed a juggernaut
 48268 | Depths:2 | Killed a juggernaut
 48492 | Depths:3 | Noticed a golden dragon
 48511 | Depths:3 | Killed a golden dragon
 48581 | Depths:3 | Found a one-way gate leading to the halls of Pandemonium.
 48787 | Depths:3 | Reached skill level 22 in Fighting
 49740 | Depths:3 | Reached XP level 24. HP: 209/232 MP: 37/37
 49845 | Depths:4 | Gained mutation: You are clumsy. (Dex -2) [a cacodemon]
 50139 | Depths:4 | Noticed Agnes
 50146 | Depths:4 | Killed Agnes
 50152 | Depths:4 | Noticed Frederick
 50152 | Depths:4 | Noticed Wiglaf
 50160 | Depths:4 | Killed Frederick
 50167 | Depths:4 | Killed Wiglaf
 50960 | Depths:5 | Entered Level 5 of the Depths
 50960 | Depths:5 | Found Azemanod's General Store.
 50962 | Depths:5 | Noticed a juggernaut
 51100 | Depths:4 | Killed a juggernaut
 51402 | Depths:4 | Reached skill level 23 in Fighting
 51617 | Depths:5 | Paralysed by a great orb of eyes for 5 turns
 52147 | Depths:5 | Upgraded the game from 0.18-a0-1471-gbbaf034 to 0.18-a0-1484-g95ebbe1
 52927 | Depths:5 | Reached XP level 25. HP: 243/243 MP: 37/37
 53485 | Depths:5 | Found a gate to the Realm of Zot.
 54085 | Depths:2 | Identified a +1 pair of boots of running (You found it on level 2 of the Depths)
 54088 | Depths:2 | Got a fine iron ring
 54096 | Depths:2 | Identified the ring "Daoni" {SustAt rC+++ MR- Str+6 Stlth-} (You found it on level 2 of the Depths)
 54333 | Depths:2 | Reached skill level 15 in Dodging
 54958 | Vaults:5 | Entered Level 5 of the Vaults
 55097 | Vaults:4 | Reached skill level 24 in Fighting
 55915 | Vaults:4 | Cast into level 2 of the Abyss (a deep elf sorcerer)
 56122 | Abyss:2  | Gained mutation: You are frail (-10% HP). [a neqoxec]
 56124 | Abyss:2  | Gained mutation: You regenerate slowly when monsters are visible. [a neqoxec]
 56478 | Abyss:2  | Noticed an ancient lich
 56499 | Abyss:2  | Killed an ancient lich
 56499 | Abyss:2  | Reached XP level 26. HP: 214/230 MP: 37/37
 56985 | Vaults:4 | Escaped the Abyss
 57920 | Vaults:5 | Cast into level 3 of the Abyss (an ogre mage)
 57970 | Vaults:5 | Escaped the Abyss
 57997 | Vaults:5 | Reached skill level 25 in Fighting
 58342 | Vaults:5 | Got a silver rune of Zot
 58454 | Vaults:5 | Got a brightly glowing chain mail
 58455 | Vaults:5 | Identified the +11 chain mail of Biatsuo {rPois} (You found it on level 5 of the Vaults)
 59294 | Vaults:4 | Got an ancient crystal amulet
 59638 | Vaults:5 | Got an ancient scale mail
 59639 | Vaults:5 | Identified the +5 scale mail of the Elven Halls {MR+++ rCorr Int-5} (You found it on level 5 of the Vaults)
 59640 | Vaults:5 | Identified the amulet "Okiloxkoikh" {Gourm rElec rF- rC- Int+9} (You took it off an ogre mage on level 4 of the Vaults)
 60059 | Lair:2   | Learned a level 1 spell: Apportation
 60062 | Lair:2   | Learned a level 2 spell: Blink
 60414 | Zot:1    | Entered Level 1 of the Realm of Zot
 60619 | Zot:1    | Reached XP level 27. HP: 240/240 MP: 37/37
 60807 | Zot:1    | Killed from afar by a storm dragon

Vault maps used:
D:1:      grunt_arrival_lava_bath
D:2:      nicolae_overflow_hidden_temple, serial_bayou_lagoon_b
D:3:      first_bread, lemuel_altar_in_water2, uniq_robin, uniq_sigmund
D:4:      kennysheep_mini_moat, minmay_stone_trees_small, uniq_natasha,
          uniq_duvessa, uniq_pikel
D:5:      grunt_temple_overflow_magic_moments, lemuel_crystal_altar,
          minmay_temple_entry_glass, basic_altar
D:6:      gammafunk_temple_overflow_wave, uniq_crazy_yiuf_cottage
D:7:      kennysheep_little_box, nemelex_deck, grunt_ogre_cave
D:8:      grunt_temple_overflow_forces_of_nature, lemuel_round_altar,
          nicolae_overflow_crystal_walls, cheibrodos_ashenzari_chains
D:10:     due_lair_maze_entry_diamond, fedhas_altar_fruit_tree, uniq_snorg,
          uniq_sonja
D:11:     david_orc_5, bloody_makhleb, uniq_maud, uniq_harold
D:12:     kennysheep_seaside_town, serial_shops, bzr_entry_islet,
          minmay_door_square, hangedman_ru_absence
D:13:     david_vaults_2
D:14:     serial_shops, bzr_in_the_mist, patterned_corridor,
          jmf_multi_god_temple2
D:15:     hangedman_depths_entry_try_elsewhere_first, basic_altar,
          jmf_multi_god_temple, uniq_azrael
Temple:   hc_temple_tempest_star_small
Lair:1:   grunt_megastairs_5
Lair:2:   lab_entry_generic, beast_lair_carwin_5, uniq_gastronok
Lair:3:   st_stairs_8
Lair:4:   swamp_mist_pool, minmay_snake_entry_guardpost_medium,
          cheibrodos_lair_reptile_den, lemuel_fruit_fields
Lair:5:   grunt_forest_small_clearings, infiniplex_staircase_pool,
          lemuel_fruit_tree, lemuel_fruit_fields
Lair:7:   lemuel_fruit_fields
Lair:8:   grunt_lair_end_beastmaster, minmay_slime_entry_pillars,
          grunt_megastairs_3
Swamp:1:  evilmike_swamp_ruin_rubble_1, swamp_pool1, uniq_nikola
Swamp:2:  evilmike_swamp_ruin_rubble_2, swamp_pool5, hangedman_swamp_muck,
          uniq_frances
Swamp:3:  hangedman_swamp_cone, uniq_aizul
Swamp:4:  swamp_old_school, swamp_pool1, uniq_mara
Snake:1:  serial_shops, nicolae_shop_behind_doors, serial_bayou_shore_a
Snake:2:  grunt_ministairs_6
Snake:3:  st_stairs_12
Snake:4:  grunt_snake_rune_pools, grunt_ministairs_10
Orc:1:    serial_shops, shop
Orc:2:    st_orc_town, uniq_nessos
Elf:1:    orc_legates, elves_outpost_lemuel, uniq_louise, uniq_asterion
Elf:2:    nicolae_alphabet_shops
Vaults:1: ontoclasm_vaults_shout, dpeg_vaults_monster_box, v_misc_18,
          grunt_vaults_bifocal, ontoclasm_vaults_ring_square, v_misc_27,
          v_alt_pattern_4, ontoclasm_vaults_twist,
          nicolae_vaults_three_branches, hangedman_vaults_variations,
          vaults_room_corners, nicolae_vaults_circle_grid_b, serial_shops,
          nicolae_shop_crystal, basic_altar, uniq_saint_roka
Vaults:2: hangedman_vaults_pinch, v_alt_pattern_6, ontoclasm_vaults_misaligned,
          ontoclasm_vaults_fault, grunt_vaults_trifunnel, vaults_mumra_hexcomb,
          minmay_crypt_entry_necro_gods, v_alt_pattern_5, v_alt_pattern_6,
          v_misc_25, uniq_donald
Vaults:3: vaults_room_boxed, vaults_room_hallway, nicolae_vaults_hallways_thing,
          v_misc_14, ontoclasm_vaults_bender, nicolae_vaults_sealed_display,
          nicolae_vaults_rhombus_7, nicolae_vaults_alarming, v_alt_pattern_2,
          vaults_room_semicircle, ontoclasm_vaults_gateway,
          hangedman_vaults_corner_blocks, serial_shops, shop, shop,
          nicolae_shop_behind_doors, nicolae_shop_crystal, shop
Vaults:4: v_alt_pattern_3, vaults_room_ringed_pool,
          nicolae_vaults_little_squares_1, hangedman_vaults_locks, v_pattern_1,
          ontoclasm_vaults_ring_square, ontoclasm_vaults_chip,
          grunt_vaults_funnel, nicolae_vaults_theta,
          nicolae_vaults_stairing_the_circle, ontoclasm_vaults_pinch,
          ontoclasm_vaults_decontamination, serial_shops, shop,
          nicolae_trove_entry_crystal
Depths:1: minmay_misc_feat_roman, hell_entry, minmay_misc_feat_ornament,
          minmay_misc_feat_iff, kennysheep_generic_room_3, uniq_enchantress
Depths:2: hangedman_slaughterboxes, hell_entry, abyss_entry
Depths:3: minmay_bad_star, hellmouth_1, pan_entry, minmay_misc_feat_rugged
Depths:4: minmay_eyes, abyss_entry, hell_entry, hangedman_decor_clover_reticule,
          rand_demon_pan_entry_5, sword_in_stone
Depths:5: lemuel_castle_with_subvaults, hell_entry, serial_shops, shop,
          serial_bayou_pond_e, serial_bayou_pond_a, hangedman_decor_opposing,
          nooodl_food_tri, serial_bayou_shore_b
Zot:1:    kennysheep_bubbly
Abyss:2:  hangedman_abyss_or_decor_stabs
Abyss:3:  lemuel_flamethrower_3, due_exit_kobolds, grunt_abyss_exit_deep_breaths
Lab:      labyrinth_watery, labyrinth_skeletal_remains, nicolae_lab_grate
Bazaar:   bazaar_short_row, bazaar_minmay_generic_island

Skill      XL: |  1  2  3  4  5  6  7  8  9 10 11 12 13 14 15 16 17 18 19 20 21 22 23 24 25 26 27 |
---------------+----------------------------------------------------------------------------------+-----
Axes           | 3 |  3.8
Polearms       | 1 3 4 6 9 11 13 | 13.9
Fighting       | 4 7 10 11 13 14 15 17 19 20 21 22 23 24 25 | 25.6
Dodging        | 1 3 5 7 9 10 11 12 13 14 15 16 | 16.0
Armour         | 4 6 8 10 11 12 13 14 15 16 18 19 20 | 20.0
Shields        | 4 6 8 10 14 15 16 | 16.0
Invocations    | 8 10 15 17 19 20 | 20.0
Evocations     | 6 |  6.0
Charms         | 8 13 15 16 17 | 17.1

Action                   |  1- 3 |  4- 6 |  7- 9 | 10-12 | 13-15 | 16-18 | 19-21 | 22-24 | 25-27 || total
-------------------------+-------+-------+-------+-------+-------+-------+-------+-------+-------++-------
Melee: War axe           |    30 |       |       |       |       |       |       |       |       ||    30
       Spear             |    80 |   137 |   343 |       |       |       |       |       |       ||   560
       Unarmed           |       |    11 |       |       |       |       |       |       |       ||    11
       Trident           |       |       |    59 |   667 |  1555 |  1295 |       |       |       ||  3576
       Demon trident     |       |       |       |       |       |   412 |  1880 |  2096 |  1524 ||  5912
Throw: Tomahawk          |       |       |    22 |    26 |     5 |       |       |       |       ||    53
 Cast: Song of Slaying   |       |       |       |       |       |       |     1 |       |       ||     1
       Haste             |       |       |       |       |       |       |       |       |     1 ||     1
Invok: Major Destruction |       |       |       |     9 |    44 |    75 |    65 |    34 |     8 ||   235
       Minor Destruction |       |       |       |     3 |    21 |    11 |    20 |     5 |     2 ||    62
       Lesser Servant of |       |       |       |     2 |     1 |     1 |       |       |       ||     4
       Greater Servant o |       |       |       |       |     2 |    10 |    15 |    20 |     7 ||    54
 Abil: Evoke Flight      |       |       |       |       |       |     1 |       |       |       ||     1
Evoke: Wand              |       |       |       |       |     4 |       |       |       |       ||     4
       Deck              |       |       |       |       |       |       |     1 |       |       ||     1
  Use: Scroll            |     1 |     2 |     1 |    13 |    13 |    18 |     4 |     6 |    10 ||    68
       Potion            |       |     2 |       |     9 |     1 |     1 |     4 |    11 |     3 ||    31
 Stab: Sleeping          |       |       |       |       |     1 |       |       |       |       ||     1
       Distracted        |       |       |       |       |     1 |     7 |    10 |     1 |       ||    19
       Petrified         |       |       |       |       |     1 |       |       |       |       ||     1
       Confused          |       |       |       |       |       |       |     1 |     1 |       ||     2
  Eat: Pizza             |     1 |       |     1 |     2 |     1 |     1 |       |       |     1 ||     7
       Bread ration      |     1 |       |       |       |     2 |     1 |       |     1 |       ||     5
       Chunk             |       |     3 |    10 |    17 |    31 |    26 |    30 |    39 |    24 ||   180
       Fruit             |       |       |       |     1 |       |       |       |       |       ||     1
       Royal jelly       |       |       |       |       |     2 |       |       |       |     1 ||     3
       Meat ration       |       |       |       |       |       |     4 |     2 |       |       ||     6
       Beef jerky        |       |       |       |       |       |       |     1 |       |       ||     1
